 Dungeon Crawl Stone Soup version 0.28.0-45-g0d030f2227 (webtiles) character file.

Game seed: 17433116416712341246

1458 issech the Cudgeller (level 8, -3/79 HPs)
             Began as a Troll Monk on Apr 17, 2022.
             Slain by an orc warrior
             ... wielding a +0 broad axe
              (11 damage)
             ... on level 6 of the Dungeon.
             The game lasted 00:16:42 (5456 turns).

issech the Cudgeller (Troll Monk)                   Turns: 5456, Time: 00:16:43

Health: -3/79      AC:  8    Str: 20    XL:     8   Next: 47%
Magic:  7/7        EV: 11    Int:  6    God:
Gold:   206        SH:  0    Dex: 14    Spells: 7/7 levels left

rFire   . . .      SeeInvis .   F - +0 morningstar
rCold   . . .      Faith    .   (no shield)
rNeg    . . .      Spirit   .   b - +0 robe
rPois   .          Reflect  .   (helmet restricted)
rElec   .          Harm     .   (no cloak)
rCorr   .          Rampage  .   (gloves unavailable)
Will    .....                   (boots unavailable)
Stlth   ++........              (no amulet)
HPRegen 1.03/turn               f - +4 ring of protection
MPRegen 0.10/turn               (no ring)

@: lethally poisoned (-3 -> -3)
A: large, unfitting armour, claws 3, regeneration 1, shaggy fur 1, tough skin 1
a: no special abilities


You were on level 6 of the Dungeon.
You visited 1 branch of the dungeon, and saw 6 of its levels.

You collected 206 gold pieces.

Inventory:

Hand Weapons
 k - a +0 whip of electrocution
 w - a +0 whip of venom
 F - a +0 morningstar (weapon)
 G - a +0 short sword of holy wrath
 L - a +3 dagger of electrocution
 N - a +0 vorpal quarterstaff
Missiles
 c - 69 sling bullets
 d - 295 stones
 e - 2 boomerangs (quivered)
 h - 37 arrows
 n - 9 poisoned darts
 x - 3 large rocks
 E - 25 bolts
Armour
 b - a +0 robe (worn)
Jewellery
 f - a +4 ring of protection (left claw)
 H - a ring of protection from fire
Wands
 K - a wand of flame (13)
Scrolls
 i - 3 scrolls of vulnerability {unknown}
 j - a scroll of enchant armour {unknown}
 o - 2 scrolls of magic mapping {unknown}
 s - a scroll of enchant weapon {unknown}
 t - a scroll of silence {unknown}
 u - a scroll of fog {unknown}
 y - a scroll of amnesia {unknown}
 A - a scroll of teleportation
 C - a scroll of holy word
 J - a scroll of immolation
 O - a scroll of blinking
Potions
 g - a potion of magic {unknown}
 l - a potion of invisibility {unknown}
 p - a potion of degeneration {unknown}
 r - a potion of might {unknown}
 v - 2 potions of attraction {unknown}
 z - a potion of heal wounds {unknown}
 B - 3 potions of mutation {unknown}
 D - a potion of cancellation {unknown}
 I - 2 potions of berserk rage {unknown}


   Skills:
 + Level 4.4 Fighting
 + Level 6.9 Maces & Flails
 + Level 2.9 Throwing
 + Level 4.6 Dodging
 + Level 1.9 Stealth


You had 7 spell levels left.
You didn't know any spells.
Your spell library contained the following spells:

 Spells                   Type           Power      Damage    Failure   Level
 Static Discharge         Conj/Air       0%         N/A       58%         2
 Call Canine Familiar     Summ           0%         N/A       83%         3
 Portal Projectile        Hex/Tloc       0%         N/A       83%         3
 Dispel Undead            Necr           0%         3d6       99%         4
 Leda's Liquefaction      Hex/Erth       0%         N/A       99%         4
 Sticky Flame             Conj/Fire      0%         2d3       99%         4


Dungeon Overview and Level Annotations

Branches:
Dungeon (6/15)
 Temple: D:4-7

Altars:
Ashenzari
Nemelex Xobeh
Okawaru
Wu Jian

Shops:
D:6 :


Innate Abilities, Weirdness & Mutations

You are too large for most types of armour.
You have claws for hands.
Your natural rate of healing is unusually fast.
You are covered in fur. (AC +1)
You have tough skin. (AC +1)


Message History

The water moccasin is moderately wounded.
You feel sick. The water moccasin misses you.
The water moccasin barely misses you.
You barely miss the water moccasin.
The water moccasin is moderately wounded.
You feel sick.
The water moccasin bites you but does no damage.
You hit the water moccasin.
The water moccasin is heavily wounded.
You feel sick. The water moccasin bites you.
You are more poisoned.
The water moccasin poisons you!
The water moccasin bites you but does no damage.
You feel very sick.
You feel very sick. The water moccasin bites you.
* * * LOW HITPOINT WARNING * * *
You feel sick.
The orc wizard gestures wildly while chanting.
The orc wizard flickers and vanishes!
Deactivating autopickup; reactivate with Ctrl-A.
You feel very sick.
You feel sick.
The water moccasin bites you but does no damage.
You miss the water moccasin.
The water moccasin is heavily wounded.
You feel sick. The water moccasin closely misses you.
You hit the water moccasin.
The water moccasin is severely wounded.
You feel sick. The water moccasin bites you!
* * * LOW HITPOINT WARNING * * *
The water moccasin barely misses you.
You puncture the water moccasin!
You kill the water moccasin!
You feel sick.
You hit the orc warrior.
The orc warrior is moderately wounded.
You feel sick.
The orc warrior hits you with a +0 broad axe!
You die...

... ..#.# #######.#.# #.#.# .
##.....#.#.# #.#.###..
.........#.# #.#...... #.....#
#.#######.#...... #.....#
#.#.........######### #.....#
#.#.#####.#.##..../.# #
##.....###.#.#..@o...# #..?# .#
...).........#.###.o.#####.##o.#
##########..∩# ###.'...#)#.!.#
### #........#.# #.##......# ..#
#........#. #.###.##.## ..#
#.......... #.# #..### ..
#........... #.# +#...#
..#............ ..# ..###
...........#.## ..# #.##


You could see an orc warrior and an orc.

Vanquished Creatures
  A water moccasin (D:6)
  A black bear (D:6)
  2 ice beasts (D:5)
  A necrophage (D:6)
  Blork the orc (D:5)
  A phantom (D:4)
  A scorpion (D:4)
  2 water moccasin skeletons
  3 centaur skeletons
  A bullfrog skeleton (D:6)
  2 hounds
  2 orc priests
  A jelly (D:5)
  A centaur zombie (D:5)
  Ijyb (D:5)
  3 orc wizards
  A hound skeleton (D:4)
  7 adders
  A howler monkey skeleton (D:6)
  7 gnolls
  A shadow imp (D:5)
  A white imp (D:4)
  3 dart slugs
  2 worms
  21 orcs
  6 endoplasms
  5 giant cockroaches
  4 goblins
  9 hobgoblins
  2 jackals (D:3)
  4 kobolds
  2 quokkas
  6 ball pythons
  4 bats
  4 frilled lizards
  6 rats
120 creatures vanquished.

Notes
Turn   | Place    | Note
-------+----------+-------------------------------------------
     0 | D:1      | issech the Troll Monk began the quest for the Orb.
     0 | D:1      | Reached XP level 1. HP: 22/22 MP: 0/0
   151 | D:1      | Reached XP level 2. HP: 29/29 MP: 1/1
   347 | D:1      | Reached skill level 3 in Maces & Flails
   875 | D:1      | Found a faded altar of an unknown god.
  1190 | D:2      | Reached XP level 3. HP: 36/36 MP: 2/2
  2168 | D:3      | Reached XP level 4. HP: 44/44 MP: 3/3
  2397 | D:3      | Reached XP level 5. HP: 46/52 MP: 4/4
  2607 | D:3      | Reached skill level 4 in Maces & Flails
  2949 | D:4      | Found a broken altar of Ashenzari.
  3151 | D:4      | Reached XP level 6. HP: 17/61 MP: 5/5
  3273 | D:4      | Reached skill level 5 in Maces & Flails
  3369 | D:4      | Found a sparkling altar of Nemelex Xobeh.
  3520 | D:4      | Found an ornate altar of the Wu Jian Council.
  3808 | D:5      | Entered Level 5 of the Dungeon
  3851 | D:5      | Reached skill level 1 in Throwing
  3861 | D:5      | Noticed Blork the orc
  3877 | D:5      | Killed Blork the orc
  3878 | D:5      | Reached XP level 7. HP: 42/68 MP: 6/6
  3911 | D:5      | Identified the +7 scale mail "Xyshueg" {Will+ Int+2 Dex-5}
  3939 | D:5      | Found an iron altar of Okawaru.
  4538 | D:5      | Reached skill level 6 in Maces & Flails
  4557 | D:5      | Noticed Ijyb
  4571 | D:5      | Killed Ijyb
  4575 | D:5      | Reached XP level 8. HP: 78/78 MP: 7/7
  5372 | D:6      | Found Kusk's Book Shop.
  5456 | D:6      | Slain by an orc warrior

Illustrated notes

Levels and vault maps discovered:
D:1:      dpeg_arrival_prison, layout_basic, shapermc_ecumenical_altar_petra
D:2:      layout_basic
D:3:      layout_loops_ring, chequers_garden
D:4:      layout_basic, lemuel_tele_altar, nemelex_spade_bored_becter,
          pdpol_wu_jian_five_deadly_venoms
D:5:      layout_layer_cave, okawaru_ov_weapons_minmay, uniq_blork_the_orc,
          uniq_ijyb
D:6:      layout_basic, minmay_temple_entry_proselytizer, serial_shops, shop,
          amcnicky_mini_pool_small, minmay_pentangle

Skill      XL: |  1  2  3  4  5  6  7 |
---------------+----------------------+-----
Maces & Flails | 3 4 5 6 |  6.9
Dodging        | 3 4 |  4.6
Fighting       | 3 4 |  4.4
Throwing       | 1 2 |  2.9
Stealth        | |  1.9

Action                   |  1- 3 |  4- 6 |  7- 9 || total
-------------------------+-------+-------+-------++-------
Melee: Mace              |    57 |       |       ||    57
       Whip              |    65 |   188 |       ||   253
       Punch             |       |     2 |     3 ||     5
       Flail             |       |    59 |    25 ||    84
       Morningstar       |       |       |   128 ||   128
Throw: Boomerang         |    11 |    12 |    34 ||    57
  Use: Scroll            |       |       |     4 ||     4
 Stab: Sleeping          |     3 |       |       ||     3
Armor: Robe              |    58 |   103 |   102 ||   263
Dodge: Dodged            |    58 |    92 |   115 ||   265
